 Dungeon Crawl Stone Soup version 0.31.0-11-ge490571c62 (webtiles) character file.

Game seed: 1993173421238188291

312 ImmortalVenerable the Insei (level 5, -7/40 HPs)
             Began as a Demigod Shapeshifter on Jan 27, 2024.
             Splashed by a jelly's acid (9 damage)
             ... on level 4 of the Dungeon.
             The game lasted 00:15:54 (3315 turns).

ImmortalVenerable the Insei (Demigod Shapeshifter)  Turns: 3315, Time: 00:15:55

Health: -7/40      AC: -1    Str: 15    XL:     5   Next: 97%
Magic:  7/7        EV: 12    Int: 12    God:
Gold:   175        SH:  0    Dex: 17    Spells: 4/4 levels left

rFire   + .          .
                       - Unarmed
rCold   . . .        (no shield)
rNeg    . . .        i - +2 ring mail {rF+}
rPois   .            (helmet currently unavailable)
rElec   .            (cloak currently unavailable)
rCorr   .            (gloves currently unavailable)
SInv    .            (boots currently unavailable)
Will    +....        (no amulet)
Stlth   +            w - ring of willpower
HPRegen 0.26/turn    (no ring)
MPRegen 0.10/turn

%: no passive effects
@: about to teleport, beast-form, corroded
A: beast (slay +2), high MP 1, forlorn, divine attributes
a: Begin Untransformation


You were on level 4 of the Dungeon.
You were a hulking beast.
You visited 1 branch of the dungeon, and saw 4 of its levels.

You collected 175 gold pieces.

Inventory:

Hand Weapons
 e - a +2 dagger of electrocution
 h - a +0 club
 C - a +2 short sword of draining
Missiles
 l - 15 boomerangs
 o - 7 poisoned darts (quivered)
 r - 31 stones
Armour
 a - a +0 animal skin
 i - a +2 ring mail of fire resistance (worn)
 v - an orb of wrath
 y - a +1 pair of boots
 z - the +0 leather armour of the Game of Life {^Drain rF+ Int+2}
   (You found it on level 4 of the Dungeon)

   Int+2:     It affects your intelligence (+2).
   rF+:       It protects you from fire.
   ^Drain:    It drains your maximum health when unequipped.
Magical Staves
 f - a staff of conjuration
Jewellery
 w - a ring of willpower (left hand)
 D - a ring of ice
Talismans
 c - a beast talisman
 d - a flux talisman
 p - a maw talisman
 x - a dragon-blood talisman
Scrolls
 g - a scroll of revelation
 j - 2 scrolls of enchant weapon
 k - a scroll of teleportation
 s - a scroll of amnesia {unknown}
 t - a scroll of enchant armour {unknown}
 E - a scroll of vulnerability {unknown}
Potions
 m - 2 potions of degeneration
 q - a potion of brilliance
 u - a potion of attraction {unknown}
 A - a potion of ambrosia {unknown}
 B - a potion of mutation {unknown}


   Skills:
 - Level 1.6 Fighting
 + Level 3.5 Dodging
 + Level 4.1 Unarmed Combat
 + Level 4.0 Shapeshifting


You had 4 spell levels left.
You didn't know any spells.
Your spell library contained the following spells:

 Spells                   Type           Power      Damage    Failure   Level
 Ensorcelled Hibernation  Hex/Ice        0%         N/A       69%         2
 Passwall                 Erth           0%         N/A       89%         3
 Swiftness                Air            0%         N/A       89%         3


Dungeon Overview and Level Annotations

Branches:
Dungeon (4/15)
 Temple: D:4-7

Annotations:
D:1 exclusion: downstairs
D:2 Natasha, Sigmund
D:3 3 runed translucent doors, SuperJoe's ghost, weakling HuDe


Innate Abilities, Weirdness & Mutations

You are a hulking beast.
Your limbs bulge with bestial killing power. (Slay +2)
You have an increased reservoir of magic. (+10% MP)
You shall have no god before yourself.
Your divine heritage dramatically boosts your attributes as you level up.


Message History

You hear a distant slurping noise.
You hear a squelching noise.
The jelly quivers.
The jelly quivers.
You punch the jelly!
Your hands burn!
The jelly is moderately wounded.
The jelly hits you but does no damage.
You punch the jelly! The acid corrodes you!
Your hands burn!
The jelly is heavily wounded.
The jelly misses you.
You hit the jelly.
Your hands burn!
The jelly is severely wounded.
The jelly closely misses you.
You hit the jelly.
Your hands burn!
The jelly is almost dead.
The jelly barely misses you.
You hit the jelly.
You kill the jelly!
Your Shapeshifting skill increases to level 4!
You hit the jelly.
Your hands burn!
The jelly is lightly wounded.
The jelly hits you.
You are splashed with acid!
You hit the jelly but do no damage.
Your hands burn!
The jelly is lightly wounded.
The jelly barely misses you.
You barely miss the jelly.
The jelly is lightly wounded.
The jelly hits you but does no damage.
You hit the jelly.
Your hands burn!
* * * LOW HITPOINT WARNING * * *
The jelly is moderately wounded.
The jelly hits you.
* * * LOW HITPOINT WARNING * * *
You are splashed with acid!
* * * LOW HITPOINT WARNING * * *
Okay, then.
As you read the scroll of teleportation, it crumbles to dust.
You feel strangely unstable. The jelly hits you.
* * * LOW HITPOINT WARNING * * *
The acid corrodes you!
You are splashed with acid!
You die...

#..+..................#####..,,,,
#..#.........................,,,*
#..#.........................,,,+
#..#.................).......,,,*
#..#.......######............,,,*
...#.......#....#............,,,*
...#.......#....#............,,,*
#'##.......#....####.######..,,**
..........,#....hJJ..#,,,,*,.,,*,
....########....##...#,,,,+,,,,+,
....+.....##....##?..#*,,,*,,,,**
....#...........##...#*,,,**,,,,,
#+###..................,,,,+,,,,,
,,,#....................,,,*,,,,,
,,,#.................####***,,,,,
,,*#####+###....##...#,,,,,,**+**
*****,**,,*#....##....,,,,,,*,,,*


You could see 2 jellies.

Vanquished Creatures
  A water moccasin (D:4)
  A scorpion (D:4)
  A jelly (D:4)
  A hound (D:4)
  3 adders
  2 dart slugs
  A ribbon worm (D:3)
  An orc (D:4)
  7 endoplasms
  2 giant cockroaches (D:1)
  7 hobgoblins
  2 jackals (D:2)
  5 kobolds
  A quokka (D:3)
  3 ball pythons
  A bat (D:2)
  7 goblins
  6 rats
52 creatures vanquished.

Notes
Turn   | Place    | Note
-------+----------+-------------------------------------------
     0 | D:1      | ImmortalVenerable the Demigod Shapeshifter began the quest
                  | for the Orb.
     0 | D:1      | Reached XP level 1. HP: 15/15 MP: 3/3
   102 | D:1      | Reached skill level 1 in Fighting
   332 | D:1      | Reached XP level 2. HP: 23/23 MP: 4/4
  1043 | D:2      | Reached XP level 3. HP: 23/28 MP: 5/5
  1238 | D:2      | Noticed Natasha
  1270 | D:2      | Noticed Sigmund
  1459 | D:3      | Found a runed translucent gate.
  1460 | D:3      | Found a runed translucent gate.
  1462 | D:3      | Noticed SuperJoe's ghost (weakling HuDe)
  1463 | D:3      | Found a runed translucent gate.
  2457 | D:4      | Reached XP level 4. HP: 24/35 MP: 6/6
  2589 | D:4      | Identified the +0 leather armour of the Game of Life
                  | {^Drain rF+ Int+2}
  2941 | D:4      | Noticed a water moccasin
  3030 | D:4      | Killed a water moccasin
  3031 | D:4      | Reached XP level 5. HP: 40/40 MP: 7/7
  3315 | D:4      | HP: 2/40 [jelly (1)]
  3315 | D:4      | Splashed by a jelly's acid

Illustrated notes

Levels and vault maps discovered:
D:1:      scummos_arrival_forest, layout_loops_ring, minmay_misc_feat_tower
D:2:      layout_basic, basic_altar, uniq_natasha, uniq_sigmund
D:3:      layout_basic, mainiacjoe_overflow_boulevard,
          lemuel_coloured_pillars_altar, gammafunk_temple_overflow_wave,
          basic_ecumenical_altar, gammafunk_ghost_split
D:4:      layout_gridville

Skill      XL: |  1  2  3  4  5 |
---------------+----------------+-----
Fighting       | 1 |  1.6
Dodging        | 2 3 |  3.5
Shapeshifting  | 3 4 |  4.0
Unarmed Combat | 3 4 |  4.1

Action                     |  1- 3 |  4- 6 || total
---------------------------+-------+-------++-------
  Melee: Dagger            |   102 |       ||   102
         Punch             |     1 |       ||     1
         Unarmed           |    14 |    37 ||    51
  Throw: Boomerang         |     4 |     1 ||     5
         Dart              |       |    10 ||    10
    Use: Scroll            |     2 |     6 ||     8
         Potion            |       |     2 ||     2
 Armour: Animal skin       |     8 |       ||     8
         Ring mail         |    59 |    13 ||    72
         Skin              |       |    20 ||    20
  Dodge: Dodged            |    70 |    16 ||    86
